 Dungeon Crawl Stone Soup version 0.22-a0-369-gc73351f (webtiles) character file.

25 Collin1234 the Firebug (level 2, 0/20 HPs)
             Began as a Draconian Fire Elementalist on Apr 24, 2018.
             Slain by a bat (1 damage)
             ... on level 1 of the Dungeon.
             The game lasted 00:06:03 (980 turns).

Collin1234 the Firebug (Draconian Fire Elementalist) Turns: 980, Time: 00:06:03

Health: 0/20       AC:  6    Str: 10    XL:     2   Next: 82%
Magic:  5/5        EV: 12    Int: 15    God:
Gold:   34         SH:  0    Dex: 11    Spells: 4/5 levels left

rFire    . . .     SeeInvis .   d - +0 dagger
rCold    . . .     Gourm    .   (no shield)
rNeg     . . .     Faith    .   (armour unavailable)
rPois    .         Spirit   .   (helmet restricted)
rElec    .         Reflect  .   (no cloak)
rCorr    .         Harm     .   (no gloves)
MR       .....                  (no boots)
Stlth    ++........             (no amulet)
HPRegen  0.06/turn              a - +2 ring of protection
MPRegen  0.09/turn              (no ring)

@: berserk cooldown
A: unfitting armour, cold-blooded, AC +4
a: no special abilities


You were on level 1 of the Dungeon.
You were not hungry.

You visited 1 branch of the dungeon, and saw 1 of its levels.

You collected 34 gold pieces.

Inventory:

Hand Weapons
 d - a +0 dagger (weapon)
Missiles
 e - 2 javelins (quivered)
Jewellery
 a - a +2 ring of protection (left hand)
Comestibles
 b - 2 rations


   Skills:
 + Level 0.4 Short Blades
 + Level 2.2 Dodging
 + Level 2.0 Stealth
 + Level 0.2 Unarmed Combat
 + Level 2.2 Spellcasting
 + Level 1.0 Conjurations
 + Level 3.3 Fire Magic


You had 4 spell levels left.
You knew the following spells:

 Your Spells              Type           Power        Failure   Level  Hunger
a - Flame Tongue          Conj/Fire      #....        9%          1    #......


Dungeon Overview and Level Annotations

Branches:
Dungeon (1/15)

Altars:


Innate Abilities, Weirdness & Mutations

Your plain brown scales are hard. (AC +4)
You cannot fit into any form of body armour.
You are cold-blooded and may be slowed by cold attacks.


Message History

The bat is heavily wounded.
The bat hits you.
* * * LOW HITPOINT WARNING * * *
The bat hits you but does no damage. The bat misses you.
The bat closely misses you. The bat hits you but does no damage.
The bat completely misses you. The bat hits you.
* * * LOW HITPOINT WARNING * * *
You see here a bat corpse.
The bat hits you but does no damage.
You see here a kobold corpse.
The bat hits you but does no damage. The bat hits you but does no damage.
The bat hits you but does no damage. The bat misses you.
The bat barely misses you. The bat hits you but does no damage.
The bat hits you but does no damage.
You feel yourself speed up. The bat hits you.
You die...

#.# #.#####.# #..#
........# ####..###
######### #......$#
#.......# ####.....>.#####
...............## #
#..b.....##..# # #.#
#..@.....††..# # #.#
#...###.###..# # #$#
###.#$(.$[#..# # #.#
#.##...##..# ########.#
#.#.....#..# .......#.#
#.#######..#
...###.#.#######.....†...##
##............†..#########
#################


You could see a bat.

Vanquished Creatures
  A leopard gecko (D:1)
  2 giant cockroaches (D:1)
  A goblin (D:1)
  5 hobgoblins (D:1)
  4 kobolds (D:1)
  4 bats (D:1)
  2 frilled lizards (D:1)
  3 rats (D:1)
22 creatures vanquished.

Notes
Turn   | Place    | Note
-------+----------+-------------------------------------------
     0 | D:1      | Collin1234 the Draconian Fire Elementalist began the quest for the Orb.
     0 | D:1      | Reached XP level 1. HP: 14/14 MP: 3/3
   446 | D:1      | Reached XP level 2. HP: 14/20 MP: 5/5
   970 | D:1      | HP: 1/20 [bat (1)]
   980 | D:1      | Slain by a bat

Vault maps used:
D:1:      saegor_arrival_under_anarchy, minmay_split_cup_large

Skill      XL: |  1  2 |
---------------+-------+-----
Dodging        | 2 |  2.2
Stealth        | 2 |  2.0
Short Blades   | |  0.4
Unarmed Combat | |  0.2
Spellcasting   | |  2.2
Conjurations   | |  1.0
Fire Magic     | |  3.3

Action                   || total
-------------------------++-------
Melee: Unarmed           ||    34
       Dagger            ||   102
       Tailslap          ||    11
Throw: Stone             ||     3
  Use: Potion            ||     2
 Stab: Sleeping          ||     1
Armor: Skin              ||   131
Dodge: Dodged            ||   215

Table legend:
 A = Spawn XP
 B = Non-spawn XP
 C = Spawn XP percentage of total XP
 D = Spawn monster count
 E = Non-spawn monster count
 F = Spawn count percentage of total count
 G = Total turns spent on level
                    A         B        C        D         E        F      G
               +---------+---------+-------+---------+---------+-------+---------
         Total |       0 |      36 |   0.0 |       0 |      22 |   0.0 |   980
               +---------+---------+-------+---------+---------+-------+---------
           D:1 |       0 |      36 |   0.0 |       0 |      22 |   0.0 |   980
               +---------+---------+-------+---------+---------+-------+---------
